[ AOE2 MATCH · #505291161 ]
UnrankedTatars vs Bohemians
Player's team · WIN
Rival team · LOSS
[ REPLAY ANALYSIS · EXTRACTED FROM THE RECORDED GAME ]
Feudal
9:01
Castle
26:10
Imperial
43:01
| APM avg | 58.9 |
| APM peak | 88 |
| eAPM avg | 31.3 |
| Villagers / military | 185 / 339 |
Focus
⚔️ 44.4% · 🌾 55.6%
Scout Cavalry ×157 · Cavalry Archer ×53 · Steppe Lancer ×32 · Knight ×30 · Archer ×22 · Trebuchet (Packed) ×12
Feudal
9:24
Castle
23:43
Imperial
42:35
| APM avg | 54.4 |
| APM peak | 106 |
| eAPM avg | 33.6 |
| Villagers / military | 265 / 229 |
Focus
⚔️ 39.3% · 🌾 60.7%
Spearman ×148 · Hussite Wagon ×38 · Skirmisher ×15 · Bombard Cannon ×8 · Archer ×7 · Monk ×4
Match map
Initial resources + every placement click. Lines = walls · curves = elevation contours. ◆ gold · ⬟ stone · ● berries · ✦ relic · ◌ wall gap
Your base· Open — opponent sealed themselves in
m4rco's base· ✓ Closed at 23:43 · 56t walls · 1 gate(s)
Smoothed initial terrain · ◌ = detected wall gap · hover for details
Inputs per minute
— [CL] Al3jandr0.magn00 - - m4rco
Build order — [CL] Al3jandr0.magn00
First 150 of 799 actions detected
| 0:00 | Queue | Villager (Male) |
| 0:01 | Queue | Villager (Male) |
| 0:01 | Queue | Villager (Male) |
| 0:02 | Build | House |
| 0:04 | Build | House |
| 0:05 | Queue | Villager (Male) |
| 0:06 | Queue | Villager (Male) |
| 1:16 | Queue | Villager (Male) |
| 1:44 | Queue | Villager (Male) |
| 2:02 | Build | Lumber Camp |
| 2:19 | Queue | Villager (Male) |
| 2:19 | Queue | Villager (Male) |
| 2:43 | Build | House |
| 2:53 | Queue | Villager (Male) |
| 2:53 | Queue | Villager (Male) |
| 3:10 | Queue | Villager (Male) |
| 3:32 | Queue | Villager (Male) |
| 3:48 | Queue | Villager (Male) |
| 3:49 | Queue | Villager (Male) |
| 4:06 | Build | Mill |
| 4:11 | Queue | Villager (Male) |
| 4:36 | Queue | Villager (Male) |
| 4:46 | Queue | Villager (Male) |
| 5:05 | Queue | Villager (Male) |
| 5:38 | Research | Loom |
| 6:26 | Queue | Villager (Male) |
| 6:51 | Research | Feudal Age |
| 7:23 | Build | Mining Camp |
| 7:26 | Queue | Villager (Male) |
| 7:36 | Build | House |
| 8:08 | Build | Barracks |
| 8:34 | Queue | Villager (Male) |
| 8:57 | Build | Mining Camp |
| 9:01 | Age | Feudal Age |
| 9:06 | Research | Double-Bit Axe |
| 9:06 | Queue | Villager (Male) |
| 9:19 | Queue | Villager (Male) |
| 9:35 | Build | Watch Tower |
| 9:50 | Queue | Villager (Male) |
| 9:51 | Queue | Villager (Male) |
| 10:01 | Build | House |
| 10:21 | Queue | Villager (Male) |
| 10:37 | Build | Palisade Wall |
| 10:37 | Build | Palisade Wall |
| 10:38 | Build | Palisade Wall |
| 11:03 | Build | Archery Range |
| 11:04 | Queue | Villager (Male) |
| 11:12 | Queue | Spearman |
| 11:12 | Queue | Spearman |
| 11:38 | Queue | Archer |
| 11:38 | Queue | Archer |
| 12:08 | Queue | Archer |
| 12:40 | Queue | Archer |
| 12:41 | Queue | Archer |
| 12:42 | Queue | Villager (Male) |
| 12:42 | Queue | Villager (Male) |
| 12:45 | Build | Mill |
| 12:57 | Queue | Spearman |
| 12:57 | Queue | Spearman |
| 13:09 | Build | House |
| 13:16 | Build | Watch Tower |
| 13:21 | Queue | Villager (Male) |
| 13:21 | Queue | Villager (Male) |
| 13:24 | Build | House |
| 13:26 | Queue | Villager (Male) |
| 13:47 | Queue | Skirmisher |
| 13:47 | Queue | Skirmisher |
| 13:49 | Queue | Villager (Male) |
| 14:07 | Queue | Skirmisher |
| 14:17 | Queue | Villager (Male) |
| 14:19 | Build | Blacksmith |
| 14:29 | Queue | Skirmisher |
| 14:51 | Queue | Villager (Male) |
| 14:53 | Build | Farm |
| 14:53 | Build | Farm |
| 14:53 | Build | Farm |
| 14:54 | Queue | Villager (Male) |
| 15:05 | Queue | Skirmisher |
| 15:05 | Queue | Skirmisher |
| 15:08 | Queue | Archer |
| 15:08 | Queue | Archer |
| 15:14 | Build | Palisade Wall |
| 15:15 | Build | Palisade Wall |
| 15:18 | Build | House |
| 15:33 | Research | Fletching |
| 15:52 | Build | House |
| 16:07 | Queue | Villager (Male) |
| 16:08 | Build | Farm |
| 16:08 | Build | Farm |
| 16:08 | Build | Farm |
| 16:08 | Build | Farm |
| 16:19 | Build | Watch Tower |
| 16:21 | Queue | Archer |
| 16:22 | Queue | Archer |
| 16:26 | Build | House |
| 16:29 | Queue | Villager (Male) |
| 16:47 | Queue | Villager (Male) |
| 16:49 | Build | Farm |
| 16:51 | Build | Farm |
| 17:20 | Queue | Spearman |
| 17:22 | Queue | Villager (Male) |
| 17:24 | Build | Farm |
| 17:25 | Build | Farm |
| 17:34 | Build | House |
| 17:47 | Queue | Archer |
| 17:57 | Build | House |
| 18:01 | Build | Watch Tower |
| 18:10 | Queue | Villager (Male) |
| 18:12 | Build | Farm |
| 18:13 | Build | Farm |
| 18:15 | Queue | Villager (Male) |
| 18:20 | Build | House |
| 18:23 | Build | Palisade Wall |
| 18:24 | Build | Palisade Wall |
| 18:36 | Queue | Villager (Male) |
| 18:45 | Build | House |
| 18:49 | Build | House |
| 18:53 | Queue | Archer |
| 18:53 | Queue | Archer |
| 19:25 | Build | Watch Tower |
| 19:32 | Queue | Villager (Male) |
| 19:34 | Build | Farm |
| 19:54 | Queue | Villager (Male) |
| 19:59 | Build | Outpost |
| 20:02 | Build | Outpost |
| 20:04 | Research | Town Watch |
| 20:05 | Queue | Villager (Male) |
| 20:14 | Queue | Archer |
| 20:16 | Queue | Villager (Male) |
| 20:21 | Build | Palisade Wall |
| 20:23 | Build | Palisade Wall |
| 20:24 | Build | Palisade Wall |
| 20:47 | Queue | Archer |
| 20:47 | Queue | Archer |
| 20:53 | Queue | Spearman |
| 20:54 | Queue | Spearman |
| 20:54 | Queue | Spearman |
| 21:24 | Queue | Archer |
| 21:24 | Queue | Archer |
| 21:27 | Queue | Villager (Male) |
| 21:27 | Queue | Villager (Male) |
| 21:29 | Build | House |
| 21:31 | Build | Farm |
| 21:34 | Build | Lumber Camp |
| 21:59 | Queue | Villager (Male) |
| 21:59 | Queue | Villager (Male) |
| 22:21 | Queue | Villager (Male) |
| 22:21 | Queue | Villager (Male) |
| 22:27 | Queue | Villager (Male) |
| 22:30 | Build | Farm |
Build order — m4rco
First 150 of 657 actions detected
| 0:00 | Queue | Villager (Male) |
| 0:00 | Queue | Villager (Male) |
| 0:01 | Queue | Villager (Male) |
| 0:02 | Build | House |
| 0:04 | Build | House |
| 0:06 | Queue | Villager (Male) |
| 1:24 | Queue | Villager (Male) |
| 1:24 | Queue | Villager (Male) |
| 2:02 | Queue | Villager (Male) |
| 2:22 | Build | Lumber Camp |
| 2:25 | Queue | Villager (Male) |
| 2:53 | Queue | Villager (Male) |
| 3:10 | Queue | Villager (Male) |
| 3:37 | Queue | Villager (Male) |
| 3:48 | Build | House |
| 3:50 | Build | Palisade Wall |
| 3:50 | Build | Palisade Wall |
| 3:53 | Build | Palisade Wall |
| 3:58 | Queue | Villager (Male) |
| 4:14 | Queue | Villager (Male) |
| 4:30 | Queue | Villager (Male) |
| 4:42 | Build | Mill |
| 5:10 | Research | Loom |
| 5:26 | Queue | Villager (Male) |
| 5:33 | Build | Palisade Wall |
| 5:47 | Queue | Villager (Male) |
| 6:19 | Queue | Villager (Male) |
| 6:41 | Queue | Villager (Male) |
| 6:51 | Build | Palisade Wall |
| 6:53 | Build | Palisade Wall |
| 6:59 | Queue | Villager (Male) |
| 7:14 | Research | Feudal Age |
| 7:16 | Build | Barracks |
| 7:45 | Build | House |
| 7:58 | Queue | Villager (Male) |
| 8:08 | Build | Lumber Camp |
| 8:36 | Build | Palisade Wall |
| 8:42 | Build | Palisade Wall |
| 8:44 | Queue | Villager (Male) |
| 9:24 | Age | Feudal Age |
| 9:26 | Queue | Villager (Male) |
| 9:30 | Build | Archery Range |
| 9:34 | Research | Double-Bit Axe |
| 9:44 | Queue | Spearman |
| 9:49 | Queue | Villager (Male) |
| 9:57 | Build | Watch Tower |
| 10:03 | Build | Palisade Wall |
| 10:03 | Build | Palisade Wall |
| 10:07 | Build | Palisade Wall |
| 10:14 | Queue | Villager (Male) |
| 10:25 | Build | Palisade Wall |
| 10:26 | Build | Palisade Wall |
| 10:29 | Queue | Archer |
| 10:30 | Queue | Villager (Male) |
| 10:44 | Build | House |
| 10:57 | Queue | Villager (Male) |
| 11:07 | Build | Mill |
| 11:46 | Build | Mining Camp |
| 11:54 | Build | House |
| 12:08 | Build | Palisade Wall |
| 12:20 | Queue | Villager (Male) |
| 12:30 | Queue | Skirmisher |
| 12:34 | Build | Blacksmith |
| 12:42 | Queue | Villager (Male) |
| 13:10 | Queue | Skirmisher |
| 13:14 | Build | House |
| 13:36 | Build | Farm |
| 13:37 | Build | Farm |
| 13:37 | Build | Farm |
| 13:38 | Build | Farm |
| 14:05 | Build | Palisade Wall |
| 14:08 | Queue | Villager (Male) |
| 14:16 | Build | Watch Tower |
| 14:22 | Build | Farm |
| 14:23 | Build | Farm |
| 14:32 | Build | Farm |
| 14:36 | Build | Farm |
| 14:48 | Queue | Villager (Male) |
| 14:55 | Build | Mining Camp |
| 15:10 | Queue | Villager (Male) |
| 15:29 | Queue | Villager (Male) |
| 15:40 | Build | Farm |
| 15:41 | Build | Farm |
| 15:58 | Build | Farm |
| 16:00 | Queue | Villager (Male) |
| 16:03 | Build | House |
| 16:15 | Build | House |
| 16:16 | Build | House |
| 16:17 | Queue | Villager (Male) |
| 16:20 | Build | Palisade Gate |
| 16:28 | Research | Fletching |
| 16:33 | Build | Farm |
| 16:37 | Build | Farm |
| 16:39 | Build | Farm |
| 16:45 | Queue | Villager (Male) |
| 16:50 | Build | Watch Tower |
| 17:02 | Queue | Villager (Male) |
| 17:17 | Build | Farm |
| 17:18 | Queue | Villager (Male) |
| 17:36 | Queue | Villager (Male) |
| 17:54 | Build | House |
| 18:08 | Queue | Villager (Male) |
| 18:19 | Queue | Skirmisher |
| 18:21 | Queue | Villager (Male) |
| 18:41 | Queue | Skirmisher |
| 18:42 | Queue | Spearman |
| 18:43 | Queue | Villager (Male) |
| 18:46 | Build | Watch Tower |
| 18:57 | Queue | Villager (Male) |
| 19:08 | Queue | Villager (Male) |
| 19:41 | Queue | Villager (Male) |
| 20:00 | Build | Watch Tower |
| 20:01 | Queue | Villager (Male) |
| 20:05 | Queue | Skirmisher |
| 20:12 | Queue | Villager (Male) |
| 20:19 | Build | House |
| 20:28 | Queue | Villager (Male) |
| 21:00 | Research | Castle Age |
| 21:00 | Research | Castle Age |
| 21:05 | Build | Lumber Camp |
| 21:09 | Build | Lumber Camp |
| 21:19 | Queue | Villager (Male) |
| 21:30 | Queue | Skirmisher |
| 21:32 | Queue | Villager (Male) |
| 21:46 | Queue | Villager (Male) |
| 22:24 | Queue | Villager (Male) |
| 22:37 | Queue | Skirmisher |
| 22:38 | Research | Padded Archer Armor |
| 22:43 | Build | House |
| 22:44 | Build | House |
| 22:53 | Queue | Villager (Male) |
| 22:56 | Queue | Skirmisher |
| 23:23 | Queue | Villager (Male) |
| 23:41 | Queue | Skirmisher |
| 23:43 | Queue | Villager (Male) |
| 23:43 | Age | Castle Age |
| 23:46 | Build | University |
| 23:50 | Research | Bodkin Arrow |
| 24:03 | Build | House |
| 24:05 | Queue | Villager (Male) |
| 24:25 | Research | Guard Tower (upgrade) |
| 24:25 | Research | Guard Tower (upgrade) |
| 24:34 | Queue | Villager (Male) |
| 24:42 | Build | House |
| 25:02 | Queue | Villager (Male) |
| 25:15 | Build | Market |
| 25:18 | Build | House |
| 25:20 | Build | House |
| 25:30 | Queue | Villager (Male) |
| 25:32 | Build | Farm |
Match timeline
| 3:50 | m4rco · wall_segment Palisade Wall x1 |
| 3:50 | m4rco · wall_segment Palisade Wall x1 |
| 3:53 | m4rco · wall_segment Palisade Wall x1 |
| 5:33 | m4rco · wall_segment Palisade Wall x10 |
| 6:51 | m4rco · wall_segment Palisade Wall x1 |
| 6:53 | m4rco · wall_segment Palisade Wall x5 |
| 7:16 | m4rco · first_building Barracks |
| 8:08 | [CL] Al3jandr0.magn00 · first_building Barracks |
| 8:36 | m4rco · wall_segment Palisade Wall x5 |
| 8:42 | m4rco · wall_segment Palisade Wall x12 |
| 9:01 | [CL] Al3jandr0.magn00 · age_up feudal |
| 9:24 | m4rco · age_up feudal |
| 9:30 | m4rco · first_building Archery Range |
| 10:03 | m4rco · wall_segment Palisade Wall x1 |
| 10:03 | m4rco · wall_segment Palisade Wall x1 |
| 10:07 | m4rco · wall_segment Palisade Wall x12 |
| 10:25 | m4rco · wall_segment Palisade Wall x11 |
| 10:26 | m4rco · wall_segment Palisade Wall x1 |
| 10:37 | [CL] Al3jandr0.magn00 · wall_segment Palisade Wall x1 |
| 10:37 | [CL] Al3jandr0.magn00 · wall_segment Palisade Wall x1 |
| 10:38 | [CL] Al3jandr0.magn00 · wall_segment Palisade Wall x1 |
| 11:03 | [CL] Al3jandr0.magn00 · first_building Archery Range |
| 12:08 | m4rco · wall_segment Palisade Wall x1 |
| 14:05 | m4rco · wall_segment Palisade Wall x1 |
| 15:14 | [CL] Al3jandr0.magn00 · wall_segment Palisade Wall x1 |
| 15:15 | [CL] Al3jandr0.magn00 · wall_segment Palisade Wall x1 |
| 18:23 | [CL] Al3jandr0.magn00 · wall_segment Palisade Wall x9 |
| 18:24 | [CL] Al3jandr0.magn00 · wall_segment Palisade Wall x4 |
| 20:21 | [CL] Al3jandr0.magn00 · wall_segment Palisade Wall x10 |
| 20:23 | [CL] Al3jandr0.magn00 · wall_segment Palisade Wall x1 |
| 20:24 | [CL] Al3jandr0.magn00 · wall_segment Palisade Wall x6 |
| 23:23 | [CL] Al3jandr0.magn00 · first_building Stable |
| 23:43 | m4rco · age_up castle |
| 26:01 | [CL] Al3jandr0.magn00 · wall_segment Palisade Wall x1 |
| 26:02 | [CL] Al3jandr0.magn00 · wall_segment Palisade Wall x1 |
| 26:02 | [CL] Al3jandr0.magn00 · wall_segment Palisade Wall x1 |
| 26:10 | [CL] Al3jandr0.magn00 · age_up castle |
| 26:26 | [CL] Al3jandr0.magn00 · first_building Siege Workshop |
| 27:11 | m4rco · first_market_buy 100 wood |
| 27:15 | m4rco · first_building Siege Workshop |
| 29:55 | m4rco · first_building Castle |
| 30:10 | m4rco · first_building Monastery |
| 33:27 | [CL] Al3jandr0.magn00 · wall_segment Palisade Wall x1 |
| 33:28 | [CL] Al3jandr0.magn00 · wall_segment Palisade Wall x1 |
| 33:29 | [CL] Al3jandr0.magn00 · wall_segment Palisade Wall x1 |
| 33:31 | [CL] Al3jandr0.magn00 · wall_segment Palisade Wall x1 |
| 38:04 | [CL] Al3jandr0.magn00 · first_building Castle |
| 39:17 | m4rco · first_market_sell 500 wood |
| 39:31 | [CL] Al3jandr0.magn00 · first_market_sell 100 food |
| 42:28 | [CL] Al3jandr0.magn00 · first_building Monastery |
| 42:35 | m4rco · age_up imperial |
| 43:01 | [CL] Al3jandr0.magn00 · age_up imperial |
| 43:27 | m4rco · wall_segment Stone Wall x1 |
| 44:25 | m4rco · wall_segment Palisade Wall x1 |
| 62:52 | m4rco · resign |
[ AI ANALYSIS · 1 CREDIT ]
What really happened in this match?
Wolo.gg analyzes every decision: build order, eco, micro, common mistakes by bracket. Personalized analysis on WhatsApp or Discord in 30 seconds.
Civ guide
Tatars
Perfil
Jugador #5571038